 Dungeon Crawl Stone Soup version 0.31.0-1-g2c135a008e (webtiles) character file.

Game seed: 5351245544302105362

658 qw the Shooter (level 7, -2/53 HPs)
             Began as a Djinni Hunter on Jan 23, 2024.
             Was an Initiate of Okawaru.
             Slain by a gnoll
             ... wielding a +0 whip
             ... led by a gnoll bouda
              (8 damage)
             ... on level 6 of the Dungeon.
             The game lasted 00:02:07 (5620 turns).

qw the Shooter (Djinni Hunter)                      Turns: 5620, Time: 00:02:08

Health: -2/53      AC:  6    Str: 10    XL:     7   Next: 86%
Gold:   213        EV: 14    Int: 10    God:    Okawaru [......] SH:  0 Dex: 19

rFire   + + .        a - +0 shortbow
rCold   . . .        (shield currently unavailable)
rNeg    + . .        c - +0 leather armour
rPois   inf          p - +0 helmet
rElec   .            (no cloak)
rCorr   .            f - +1 pair of gloves
SInv    .            (boots unavailable)
Will    .....        (no amulet)
Stlth   ++           i - ring of protection from cold
HPRegen 0.28/turn    j - ring of positive energy
MPRegen 0.00/turn

%: infuse magic (-3 HP)
@: weakened, flying
A: sickness immunity, fire resistance 2, cold vulnerability 1, float, innate
caster, HP casting, extra vitality 1
a: Renounce Religion


You were on level 6 of the Dungeon.
You worshipped Okawaru.
Okawaru was noncommittal.
You visited 2 branches of the dungeon, and saw 7 of its levels.

You collected 213 gold pieces.


Innate Abilities, Weirdness & Mutations

You are immune to sickness and miasma.
You are immune to poison.
Your flesh is very heat resistant. (rF++)
You are vulnerable to cold. (rC-)
You float through the air rather than walking.
You learn spells naturally, not from books.
Your magical power is your life essence.
You have superior vitality. (+4 MHP)


   Skills:
 - Level 4.6 Fighting
 + Level 5.0 Ranged Weapons
 - Level 2.3 Armour
 - Level 4.9 Dodging
 - Level 0.7 Stealth


You knew the following spells:

 Your Spells              Type           Power      Damage    Failure   Level
a - Shock                 Conj/Air       0%         1d3       45%         1
b - Call Imp              Summ           0%         N/A       58%         2
c - Mephitic Cloud        Conj/Alch/Air  0%         N/A       83%         3
Your spell library was empty.

Inventory:

Hand Weapons
 a - a +0 shortbow (weapon)
Armour
 c - a +0 leather armour (worn)
 f - a +1 pair of gloves (worn)
 p - a +0 helmet (worn)
Jewellery
 i - a ring of protection from cold (left hand)
 j - a ring of positive energy (right hand)
Potions
 d - 2 potions of curing
 e - a potion of mutation
 g - a potion of berserk rage {unknown}
 h - a potion of degeneration {unknown}
 k - a potion of attraction {unknown}
 l - a potion of brilliance {unknown}
 m - a potion of ambrosia {unknown}

Dungeon Overview and Level Annotations

Branches:
Dungeon (6/15)             Temple (1/1) D:5

Altars:
Cheibriados
Dithmenos
Elyvilon
Gozag
Makhleb
Nemelex Xobeh
Okawaru
Qazlal
Ru
Trog
Uskayaw
Wu Jian
Xom
Zin
The Shining One

Shops:
D:5 :


Message History

The gnoll picks up the pace!
The gnoll hits you from afar with a +0 spear.
The gnoll misses you.
You shoot an arrow. The arrow hits the gnoll bouda!
The gnoll bouda is heavily wounded.
The gnoll bouda barely misses you. The gnoll barely misses you. x2
The gnoll bouda barely misses you.
You shoot an arrow. The arrow hits the gnoll bouda!
The gnoll bouda is almost dead.
The gnoll barely misses you. The gnoll hits you but does no damage.
The gnoll bouda utters an invocation to its god.
The gnoll bouda is healed somewhat.
You shoot an arrow.
The arrow barely misses the gnoll bouda.
The gnoll hits you from afar with a +0 spear.
The gnoll closely misses you.
The gnoll bouda gazes fiercely through you!
You feel your attacks grow feeble. The gnoll bouda closely misses you.
You shoot an arrow. The arrow hits the gnoll bouda.
The gnoll bouda is almost dead.
The gnoll closely misses you. The gnoll misses you.
The gnoll bouda mumbles some strange prayers to its god.
The gnoll bouda is healed somewhat.
The gnoll hits you from afar with a +0 spear.
You shoot an arrow.
The arrow hits the gnoll bouda but does no damage.
The gnoll bouda is severely wounded.
The gnoll barely misses you. The gnoll bouda barely misses you.
The gnoll barely misses you.
You shoot an arrow. The arrow hits the gnoll bouda.
The gnoll bouda is almost dead.
Your attacks no longer feel as feeble.
The gnoll hits you with a +0 whip.
The gnoll bouda gazes fiercely through you!
You feel your attacks grow feeble.
The gnoll bouda hits you with a +0 club.
The gnoll hits you from afar with a +0 spear.
The gnoll hits you with a +0 whip!
You die...

#.# ...
#.# # #..
.# #.#
#.## #.#
#g..##
#)##gg...#
#@#.......
#ggg....#
###.......
#.....#
.###.# # #


You could see a gnoll bouda and 2 gnolls.

Vanquished Creatures
  Grinder (D:5)
  A black bear (D:5)
  2 phantoms
  A bombardier beetle (D:5)
  A jelly (D:5)
  A hound (D:4)
  An iguana (D:5)
  3 adders
  2 gnolls (D:6)
  4 dart slugs
  A ribbon worm (D:3)
  An orc (D:3)
  2 ball pythons
  5 endoplasms
  5 giant cockroaches
  3 goblins
  8 hobgoblins
  9 kobolds
  2 quokkas
  3 bats
  3 frilled lizards
  7 rats
66 creatures vanquished.

Notes
Turn   | Place    | Note
-------+----------+-------------------------------------------
     0 | D:1      | qw the Djinni Hunter began the quest for the Orb.
     0 | D:1      | Reached XP level 1. HP: 18/18 MP: 0/0
     0 | D:1      | 0 ||| qw: Version: 0.3-a-134-g2ba4250
     0 | D:1      | 0 ||| qw: Game counter: 680
     0 | D:1      | 0 ||| qw: Melee chars always use a shield: true
     0 | D:1      | 0 ||| qw: God list: Okawaru
     0 | D:1      | 0 ||| qw: Allow faded altars: false
     0 | D:1      | 0 ||| qw: Do Orc after clearing Dungeon:15 true
     0 | D:1      | 0 ||| qw: Do second Lair branch before Depths: true
     0 | D:1      | 0 ||| qw: Lair rune preference: random
     0 | D:1      | 0 ||| qw: Goals: Normal
     0 | D:1      | 0 ||| PLANNING D:1-11
    99 | D:1      | Reached XP level 2. HP: 23/23 MP: 0/0
   687 | D:1      | 687 ||| UPGRADING to +0 pair of gloves.
   692 | D:1      | 692 ||| UPGRADING to ring of protection from cold.
   693 | D:1      | 693 ||| READING scroll labelled URONOS QORCHEU.
   693 | D:1      | 693 ||| IDENTIFYING smoky clear potion
   694 | D:1      | 694 ||| READING scroll labelled YSIOBIMIQI.
   697 | D:1      | 697 ||| READING scroll labelled KAACIX BICYF.
   697 | D:1      | 697 ||| ENCHANTING +0 pair of gloves.
   698 | D:1      | 698 ||| DROPPING scroll of butterflies.
   699 | D:1      | 699 ||| DROPPING potion of magic.
   755 | D:2      | Reached skill level 4 in Ranged Weapons
   755 | D:2      | Reached XP level 3. HP: 28/28 MP: 0/0
   755 | D:2      | Learned a level 1 spell: Shock
  1126 | D:2      | 1126 ||| UPGRADING to ring of positive energy.
  1127 | D:2      | 1127 ||| READING scroll of identify.
  1127 | D:2      | 1127 ||| IDENTIFYING brown potion
  1128 | D:2      | 1128 ||| READING scroll labelled DUWOAG WUOCH.
  1129 | D:2      | 1129 ||| DRINKING 3 murky grey potions.
  1130 | D:2      | 1130 ||| DRINKING 2 green potions.
  1151 | D:2      | 1151 ||| DROPPING potion of lignification.
  1234 | D:3      | Reached XP level 4. HP: 34/34 MP: 0/0
  1253 | D:3      | Reached skill level 3 in Fighting
  1450 | D:3      | Reached skill level 3 in Dodging
  1477 | D:3      | Found a glowing silver altar of Zin.
  1812 | D:4      | Noticed a phantom
  1813 | D:4      | 1813 ||| ZAPPING wand of mindburst (5) at -1,-2 (phantom;
                  | floor).
  1814 | D:4      | 1814 ||| ZAPPING wand of mindburst (4) at -1,-1 (phantom;
                  | floor).
  1815 | D:4      | 1815 ||| ZAPPING wand of mindburst (3) at -1,-1 (phantom;
                  | floor).
  1815 | D:4      | Killed a phantom
  1816 | D:4      | Reached XP level 5. HP: 35/40 MP: 0/0
  1816 | D:4      | Learned a level 2 spell: Call Imp
  2006 | D:4      | Reached skill level 5 in Ranged Weapons
  2006 | D:4      | Reached XP level 6. HP: 35/46 MP: 0/0
  2406 | D:4      | 2406 ||| UPGRADING to +0 helmet.
  2411 | D:4      | 2411 ||| READING scroll of identify.
  2411 | D:4      | 2411 ||| IDENTIFYING fuming yellow potion
  2412 | D:4      | 2412 ||| READING scroll labelled ILUNOL XUSOPS.
  2513 | D:4      | 2513 ||| READING 2 scrolls labelled MAESTA NOWA.
  2614 | D:4      | 2614 ||| DROPPING scroll of silence.
  2646 | D:5      | Entered Level 5 of the Dungeon
  2713 | D:5      | Noticed a black bear
  2714 | D:5      | 2714 ||| ZAPPING wand of mindburst (2) at 4,5 (black bear;
                  | floor).
  2715 | D:5      | 2715 ||| ZAPPING wand of mindburst (1) at 3,4 (black bear;
                  | floor).
  2716 | D:5      | Noticed Grinder
  2725 | D:5      | HP: 10/46 [black bear (6)]
  2726 | D:5      | 2726 ||| READING scroll of teleportation.
  2727 | D:5      | 2727 ||| DRINKING 3 potions of heal wounds.
  3183 | D:5      | Found a staircase to the Ecumenical Temple.
  3184 | D:5      | 3184 ||| PLANNING TEMPLE
  3184 | D:5      | 3184 ||| READING scroll labelled VIOHEMN IJAKK.
  4703 | D:3      | 4703 ||| qw: Version: 0.3-a-134-g2ba4250
  4703 | D:3      | 4703 ||| qw: Game counter: 680
  4703 | D:3      | 4703 ||| qw: Melee chars always use a shield: true
  4703 | D:3      | 4703 ||| qw: God list: Okawaru
  4703 | D:3      | 4703 ||| qw: Allow faded altars: false
  4703 | D:3      | 4703 ||| qw: Do Orc after clearing Dungeon:15 true
  4703 | D:3      | 4703 ||| qw: Do second Lair branch before Depths: true
  4703 | D:3      | 4703 ||| qw: Lair rune preference: random
  4703 | D:3      | 4703 ||| qw: Goals: Normal
  4703 | D:3      | 4703 ||| PLANNING TEMPLE
  4760 | D:5      | Killed a black bear
  4761 | D:5      | Reached XP level 7. HP: 53/53 MP: 0/0
  4761 | D:5      | Learned a level 3 spell: Mephitic Cloud
  4875 | D:5      | Paralysed by Grinder for 4 turns
  4879 | D:5      | HP: 9/53 [Grinder (7)]
  4880 | D:5      | 4880 ||| READING scroll of teleportation.
  4881 | D:5      | 4881 ||| DRINKING 2 potions of heal wounds.
  5109 | D:5      | Killed Grinder
  5265 | D:5      | Found Yxibocs's Book Shop.
  5393 | Temple   | Found a transporter.
  5393 | Temple   | Found a transporter.
  5393 | Temple   | Found a transporter.
  5393 | Temple   | Found a transporter.
  5393 | Temple   | Entered the Ecumenical Temple
  5394 | Temple   | 5394 ||| PLANNING D:1-11
  5402 | Temple   | 5402 ||| PLANNING OKAWARU WORSHIP
  5408 | Temple   | Became a worshipper of Warmaster Okawaru
  5409 | Temple   | 5409 ||| PLANNING D:1-11
  5558 | D:6      | 5558 ||| STAIRDANCE
  5599 | D:6      | 5599 ||| RETREEEEATING.
  5600 | D:6      | 5600 ||| RETREEEEATING.
  5612 | D:6      | HP: 8/53 [gnoll bouda/+0 club (8)]
  5613 | D:6      | 5613 ||| DRINKING potion of heal wounds.
  5617 | D:6      | HP: 13/53 [gnoll/+0 spear[a gnoll bouda] (5)]
  5620 | D:6      | HP: 6/53 [gnoll/+0 spear[a gnoll bouda] (1)]
  5620 | D:6      | Slain by a gnoll

Levels and vault maps discovered:
D:1:      dpeg_arrival_rooms_c, layout_basic
D:2:      layout_rooms, minmay_crystal_room, minmay_misc_feat_alley
D:3:      layout_basic, zin_treasury, hangedman_decor_clover_reticule
D:4:      layout_loops_ring
D:5:      layout_loops_ring, minmay_temple_entry_statues, serial_shops, shop,
          minmay_holes, uniq_grinder
D:6:      layout_loops_ring, ebering_ghost_reflecting_pool,
          roderic_roman_lattice, chequers_serial_rivers_large_b, uniq_pikel,
          uniq_maggie, uniq_jeremiah, uniq_sigmund
Temple:   hellmonk_temple_divided_pantheon

Skill      XL: |  1  2  3  4  5  6  7 |
---------------+----------------------+-----
Ranged Weapons | 4 5 |  5.0
Fighting       | 3 4 |  4.6
Dodging        | 3 4 |  4.9
Armour         | 2 |  2.3
Stealth        | |  0.7

Action                     |  1- 3 |  4- 6 |  7- 9 || total
---------------------------+-------+-------+-------++-------
   Fire: Shortbow          |    89 |   137 |    78 ||   304
  Evoke: Wand              |       |     5 |       ||     5
    Use: Scroll            |     5 |     5 |     1 ||    11
         Potion            |     2 |     1 |     2 ||     5
 Armour: Leather armour    |     7 |    64 |    49 ||   120
  Dodge: Dodged            |    13 |    70 |    64 ||   147

Table legend:
 A = Non-vault XP
 B = Vault XP
 C = Vault XP percentage of total XP
 D = Non-vault monster count
 E = Vault monster count
 F = Vault count percentage of total count
                 A         B        C        D         E       F
            +---------+---------+-------+---------+---------+-------
      Total |     669 |     272 |  28.9 |      65 |       1 |   1.5
            +---------+---------+-------+---------+---------+-------
        D:1 |      27 |       0 |   0.0 |      15 |       0 |   0.0
        D:2 |      33 |       0 |   0.0 |      13 |       0 |   0.0
        D:3 |      62 |       0 |   0.0 |      21 |       0 |   0.0
        D:4 |     154 |       0 |   0.0 |       7 |       0 |   0.0
        D:5 |     366 |     272 |  42.6 |       7 |       1 |  12.5
        D:6 |      27 |       0 |   0.0 |       2 |       0 |   0.0
            +---------+---------+-------+---------+---------+-------
